AoeStats
← FÜHRER

MegaRandom

509202025Analyzed
2v2 RM · 6d ago on Sep 25, 2026· 64m 24s· 4 players
Game mode
Random Map
Map size
Medium (4 player)
Population
200
Speed
Normal
Resources
Standard
Victory
Conquest
Starting age
Dark Age
Ending age
Imperial Age
RankedLock teamsTeams togetherTeam positionsShared explorationLock speedFull tech treeHidden civsTurbo modeCheats
Victory
Defeat
🇹🇷 Mongols · Türkiye
600
+16
🇪🇸 Chinese · Spain
551
+18
🇬🇧 Georgians · United Kingdom
648
-19
🇧🇷 Spanish · Brazil
544
-15
FÜHRER
13:02 Feudal Age
14:26 Wheelbarrow
13:49 Double-Bit Axe
13:55 Horse Collar
18:11 Gold Mining
18:50 Stone Mining
20:19 Scale Barding Armor
24:59 Castle Age
24:09 Forging
23:59 Padded Archer Armor
24:02 Fletching
26:14 Hand Cart
25:47 Town Watch
25:48 Loom
26:28 Caravan
26:57 Bow Saw
27:50 Gold Shaft Mining
28:10 Chain Barding Armor
28:44 Stone Shaft Mining
28:19 Pikeman
28:45 Arson
30:24 Town Patrol
35:44 Murder Holes
36:30 Iron Casting
36:11 Leather Archer Armor
35:51 Bodkin Arrow
37:04 Heavy Plow
37:32 Light Cavalry
38:22 Bloodlines
38:51 Nomads
43:18 Imperial Age
44:25 Conscription
45:40 Hoardings
48:39 Chemistry
47:36 Bodkin Arrow
48:45 Blast Furnace
49:51 Ballistics
51:43 Elite Mangudai
53:43 Drill
56:27 Hussar
63:07 Siege Engineers
jbeacen2
14:52 Feudal Age
22:12 Padded Archer Armor
22:03 Fletching
24:37 Castle Age
23:48 Double-Bit Axe
23:47 Horse Collar
24:38 Stone Mining
24:38 Gold Mining
27:07 Gold Shaft Mining
26:45 Bow Saw
30:18 Thumb Ring
30:39 Ballistics
34:41 Wheelbarrow
35:46 Hand Cart
36:11 Leather Archer Armor
35:52 Bodkin Arrow
48:20 Imperial Age
49:44 Ring Archer Armor
49:43 Capped Ram
52:17 Bracer
52:06 Siege Ram
54:36 Chemistry
56:55 Rocketry
Nova_Kovic
12:41 Feudal Age
13:38 Double-Bit Axe
13:37 Horse Collar
19:02 Stone Mining
19:32 Gold Mining
23:36 Castle Age
22:27 Bloodlines
22:29 Scale Mail Armor
22:40 Forging
24:41 Bow Saw
24:34 Heavy Plow
26:48 Scale Barding Armor
27:19 Iron Casting
28:17 Loom
29:14 Wheelbarrow
31:53 Stone Shaft Mining
30:51 Light Cavalry
33:02 Husbandry
34:18 Hand Cart
35:07 Svan Towers
38:04 Ballistics
37:36 Guard Tower
37:32 Treadmill Crane
38:03 Masonry
37:50 Murder Holes
42:15 Imperial Age
41:32 Fletching
42:03 Chain Barding Armor
41:59 Chain Mail Armor
41:45 Padded Archer Armor
42:02 Fortified Wall
41:16 Pikeman
41:56 Squires
41:44 Arson
43:19 Arrowslits
44:11 Keep
44:09 Architecture
43:46 Siege Engineers
44:22 Hoardings
46:56 Guilds
48:47 Bodkin Arrow
50:14 Chemistry
48:40 Halberdier
48:44 Hussar
48:45 Cavalier
49:50 Conscription
49:37 Aznauri Cavalry
48:56 Heavy Scorpion
50:19 Crop Rotation
52:10 Elite Skirmisher
54:16 Elite Skirmisher
63:09 Bracer
63:45 Plate Barding Armor
64:10 Blast Furnace
63:41 Plate Mail Armor
63:38 Leather Archer Armor
64:48 Town Watch
Sir Medelin
0:34 Loom
15:04 Feudal Age
17:35 Horse Collar
19:06 Double-Bit Axe
23:14 Wheelbarrow
26:04 Castle Age
25:24 Forging
25:15 Scale Mail Armor
25:11 Fletching
25:30 Man-at-Arms
27:35 Chain Mail Armor
27:57 Iron Casting
27:19 Bodkin Arrow
27:33 Long Swordsman
28:00 Gambesons
28:24 Squires
29:15 Arson
30:13 Bow Saw
30:17 Heavy Plow
32:26 Hand Cart
33:49 Caravan
34:22 Coinage
34:08 Town Watch
35:53 Town Patrol
39:41 Scale Barding Armor
41:45 Pikeman
45:09 Husbandry
48:26 Chain Barding Armor
48:34 Bloodlines
49:05 Gold Mining
50:26 Masonry
50:09 Guard Tower
50:29 Fortified Wall
Connection lost

Rejoining the realm…

Still unreachable

The connection could not be restored.

Session expired

The server has moved on; the page needs a fresh start.